 Dungeon Sprint DCSS version 0.19.5 (webtiles) character file.

1746 equalderp2856 the Summoner (level 8, -1/34 HPs)
             Began as a Felid Summoner on Mar 8, 2017.
             Slain by a swamp dragon (10 damage)
             ... in the Dungeon (Sprint VII: "The Pits").
             The game lasted 00:21:27 (4627 turns).

equalderp2856 the Summoner (Felid Summoner)         Turns: 4627, Time: 00:21:28

Health: -1/34      AC:  2    Str:  4    XL:     8   Next: 77%
Magic:  1/25       EV: 23    Int: 17    God:
Gold:   0          SH:  0    Dex: 19    Spells: 6 memorised, 14 levels left
                                        Lives:  0   Deaths: 2

rFire  . . .     SeeInvis +       - Unarmed
rCold  . . .     Gourm    .     (armour unavailable)
rNeg   . . .     Faith    .     (shield unavailable)
rPois  .         Spirit   .     (helmet unavailable)
rElec  .         Reflect  .     (cloak unavailable)
rCorr  .         Harm     .     (gloves unavailable)
MR     +....     NoTele   +     (boots unavailable)
Stlth  +++++.....               (no amulet)
                                (no ring)
                                (no ring)

@: lethally poisoned (-1 -> -12), quick
A: no armour, no weapons or thrown items, stealth, claws 1, fangs 3, see
invisible, carnivore 3, speed 1, shaggy fur 2, slow metabolism 1, sharp paws
a: no special abilities


You were in the Dungeon.
You were not hungry.

You visited 1 branch

Inventory:

Jewellery
 m - a +3 ring of dexterity
 n - a +3 ring of intelligence
Scrolls
 j - 3 scrolls of remove curse
 k - 5 scrolls of amnesia
 l - a scroll of summoning
Potions
 c - 3 potions of curing
 d - 2 potions of heal wounds
 e - a potion of haste
 f - 4 potions of magic
 g - 4 potions of berserk rage
 i - 2 potions of invisibility
 o - 2 potions of cure mutation
 p - 2 potions of agility
Books
 a - a book of Callings

   Spells                             Type                      Level
   a - Summon Small Mammal            Summoning                    1
   b - Call Imp                       Summoning                    2
   c - Call Canine Familiar           Summoning                    3
   d - Summon Guardian Golem          Hexes/Summoning              3
   e - Summon Lightning Spire         Summoning/Air                4
   f - Summon Ice Beast               Ice/Summoning                4
Comestibles
 b - 7 meat rations


   Skills:
 + Level 2.3 Fighting
 + Level 7.2 Dodging
 + Level 10.0 Stealth
 + Level 6.9 Unarmed Combat
 + Level 12.2 Spellcasting
 + Level 14.3 Summonings
 + Level 4.3 Ice Magic
 + Level 1.5 Air Magic


You had 14 spell levels left.
You knew the following spells:

 Your Spells              Type           Power        Failure   Level  Hunger
a - Summon Small Mammal   Summ           ####         1%          1    None
b - Call Imp              Summ           ######..     1%          2    None
c - Call Canine Familiar  Summ           ######..     1%          3    None
d - Summon Ice Beast      Ice/Summ       #####...     1%          4    ##.....
e - Summon Guardian Gole  Hex/Summ       ####....     1%          3    None
f - Summon Lightning Spi  Summ/Air       #####...     3%          4    ##.....


Dungeon Overview and Level Annotations

Branches:
Dungeon (1/1)

Altars:
Ashenzari
Cheibriados
Dithmenos
Elyvilon
Fedhas
Gozag
Hepliaklqana
Kikubaaqudgha
Makhleb
Nemelex Xobeh
Okawaru
Qazlal
Ru
Sif Muna
Trog
Uskayaw
Vehumet
Xom
Yredelemnul
Zin
The Shining One
Beogh
Jiyva
Lugonu


Innate Abilities, Weirdness & Mutations

You cannot wear armour.
You are incapable of wielding weapons or throwing items.
Your paws allow you to move quietly. (Stealth)
You have sharp claws.
You have razor-sharp teeth.
You have supernaturally acute eyesight. (SInv)
You are carnivorous and can eat meat at any time.
You cover ground quickly.
You are covered in thick fur. (AC +2)
You have a slow metabolism.
Your sharp claws are effective at attacking unaware monsters.


Message History

You claw the swamp dragon!
You bite the swamp dragon, but do no damage.
The swamp dragon is moderately wounded.
The swamp dragon completely misses you. The swamp dragon claws you.
The swamp dragon completely misses you.
Your ice beast hits the swamp dragon but does no damage.
You scratch the swamp dragon but do no damage.
The swamp dragon is moderately wounded.
You feel sick.
Your ice beast closely misses the swamp dragon.
The swamp dragon barely misses you. The swamp dragon misses you.
The swamp dragon barely misses you.
Your ice beast hits the swamp dragon but does no damage.
Casting: Summon Ice Beast
Confirm with . or Enter, or press ? or * to list all spells.
A chill wind blows around you.
You feel sick. The swamp dragon bites you. The swamp dragon claws you.
* * * LOW HITPOINT WARNING * * *
The swamp dragon tramples you!
You die...

#..###########+####..# #..#
#..# #..# #..# #..# #..# #..#
#..# #..# #.§#
#..################§§#
#########..§§§§Y.Y........§§§#
_______##...§...@D........§§§#
_______###########Y'##########
_#####'###########§'######
##)))#.##...§§†.§........#
.')))'.##.§WY..#..#......#
######.##.§..§Y..........+
.......)).)..............+
###'#####......#..#......#
.#..#[[##................#


You could see a swamp dragon and 3 friendly ice beasts.

Vanquished Creatures
  2 manticores (D)
  A komodo dragon (D)
  A flying skull (D)
  4 insubstantial wisps (D)
  A floating eye (D)
  A wight (D)
  A gnoll (D)
  An adder (D)
  An ooze (D)
  A worm (D)
  A jackal (D)
  A ball python (D)
  A bat (D)
17 creatures vanquished.

Vanquished Creatures (collateral kills)
  A hydra (D)
  A flayed ghost (D)
  A deep elf mage (D)
  An orange demon (D)
  A komodo dragon (D)
  A troll (D)
  A hippogriff (D)
  A blink frog (D)
  A wraith (D)
  A wyvern (D)
  A hungry ghost (D)
  2 vampire mosquitoes (D)
  A porcupine (D)
  A water moccasin (D)
  2 ogres (D)
  A gnoll sergeant (D)
  A scorpion (D)
  3 killer bees (D)
  A worker ant (D)
  3 gnolls (D)
  An ooze (D)
  A leopard gecko (D)
  An orc (D)
  A bat skeleton (D)
  2 hobgoblins (D)
  2 jackals (D)
  A kobold (D)
35 creatures vanquished.

Vanquished Creatures (others)
  A hell rat (D)
1 creature vanquished.

Grand Total: 53 creatures vanquished

Notes
Turn   | Place    | Note
-------+----------+-------------------------------------------
     0 | D        | equalderp2856 the Felid Summoner began the quest for the Orb.
     0 | D        | Reached XP level 1. HP: 7/7 MP: 4/4
    29 | D        | Noticed a floating eye
    32 | D        | Paralysed by a floating eye for 2 turns
    37 | D        | Paralysed by a floating eye for 3 turns
    43 | D        | Paralysed by a floating eye for 3 turns
    52 | D        | Paralysed by a floating eye for 3 turns
    55 | D        | Killed a floating eye
    55 | D        | Reached skill level 8 in Summonings
    55 | D        | Reached XP level 2. HP: 11/11 MP: 2/7
    55 | D        | Reached XP level 3. HP: 14/14 MP: 2/8
    55 | D        | Reached XP level 4. HP: 18/18 MP: 2/10
   125 | D        | Found a radiant altar of Vehumet.
   125 | D        | Found a hide-covered altar of Uskayaw.
   125 | D        | Found an ancient bone altar of Kikubaaqudgha.
   125 | D        | Found a viscous altar of Jiyva.
   125 | D        | Found a hazy altar of Hepliaklqana.
   126 | D        | Found a bloodstained altar of Trog.
   126 | D        | Found a deep blue altar of Sif Muna.
   126 | D        | Found a sacrificial altar of Ru.
   126 | D        | Found a stormy altar of Qazlal.
   126 | D        | Found an iron altar of Okawaru.
   126 | D        | Found a sparkling altar of Nemelex Xobeh.
   126 | D        | Found an opulent altar of Gozag.
   126 | D        | Found a blossoming altar of Fedhas.
   126 | D        | Found a white marble altar of Elyvilon.
   126 | D        | Found a shadowy altar of Dithmenos.
   126 | D        | Found a snail-covered altar of Cheibriados.
   127 | D        | Found a glowing golden altar of the Shining One.
   127 | D        | Found a glowing silver altar of Zin.
   129 | D        | Found a roughly hewn altar of Beogh.
   129 | D        | Found a burning altar of Makhleb.
   129 | D        | Found a basalt altar of Yredelemnul.
   130 | D        | Found a shattered altar of Ashenzari.
   130 | D        | Found a corrupted altar of Lugonu.
   130 | D        | Found a shimmering altar of Xom.
   488 | D        | Noticed an ogre
   685 | D        | Learned a level 2 spell: Call Imp
   689 | D        | Learned a level 3 spell: Call Canine Familiar
   722 | D        | Killed an ogre
   722 | D        | Reached skill level 5 in Stealth
   722 | D        | Reached skill level 9 in Summonings
   722 | D        | Reached XP level 5. HP: 21/21 MP: 3/12
   829 | D        | Noticed a deep elf mage
   830 | D        | Noticed an ogre
   831 | D        | Noticed a hungry ghost
   865 | D        | Killed a deep elf mage
   865 | D        | Reached skill level 5 in Unarmed Combat
   865 | D        | Reached skill level 10 in Summonings
   865 | D        | Gained mutation: You are covered in thick fur. (AC +2) [Felid growth]
   865 | D        | Reached XP level 6. HP: 4/25 MP: 1/16
   941 | D        | Killed a hungry ghost
  1022 | D        | Reached skill level 11 in Summonings
  1316 | D        | Reached XP level 7. HP: 28/28 MP: 18/18
  1318 | D        | Noticed a flayed ghost
  1320 | D        | Slain by a flayed ghost
  1321 | D        | Reached XP level 6. HP: 0/25 MP: 17/17
  1495 | D        | Killed a flayed ghost
  1495 | D        | Reached skill level 1 in Fighting
  1495 | D        | Reached skill level 12 in Summonings
  1495 | D        | Reached XP level 7. HP: 9/28 MP: 1/20
  1988 | D        | Noticed a manticore
  2285 | D        | Reached skill level 5 in Dodging
  2287 | D        | Reached skill level 10 in Spellcasting
  2287 | D        | Reached XP level 8. HP: 32/32 MP: 23/23
  2297 | D        | Killed a manticore
  2297 | D        | Reached skill level 13 in Summonings
  2396 | D        | Learned a level 4 spell: Summon Ice Beast
  2400 | D        | Learned a level 3 spell: Summon Guardian Golem
  2405 | D        | Learned a level 4 spell: Summon Lightning Spire
  2866 | D        | Noticed a komodo dragon
  2867 | D        | Noticed a flying skull
  2867 | D        | Noticed a manticore
  2868 | D        | Noticed a hippogriff
  2870 | D        | Killed a komodo dragon
  2870 | D        | Reached skill level 1 in Air Magic
  3191 | D        | Killed a flying skull
  3191 | D        | Reached XP level 9. HP: 36/36 MP: 0/25
  3194 | D        | Reached skill level 1 in Ice Magic
  3241 | D        | Killed a manticore
  3489 | D        | Noticed a troll
  3503 | D        | Reached skill level 10 in Stealth
  3516 | D        | Killed a troll
  3516 | D        | Reached skill level 14 in Summonings
  3733 | D        | Noticed a komodo dragon
  3734 | D        | Noticed a swamp dragon
  3783 | D        | Killed a komodo dragon
  3813 | D        | Noticed an orange demon
  3954 | D        | Noticed a five-headed hydra
  4010 | D        | Noticed a shadow wraith
  4055 | D        | Killed a five-headed hydra
  4224 | D        | Killed an orange demon
  4573 | D        | Succumbed to a swamp dragon's poison gas
  4574 | D        | Reached XP level 8. HP: 0/34 MP: 4/25
  4627 | D        | Slain by a swamp dragon

Skill      XL: |  1  2  3  4  5  6  7  8  9 |
---------------+----------------------------+-----
Dodging        | 3 4 5 6 7 |  7.2
Stealth        | 4 5 6 7 9 10 | 10.0
Unarmed Combat | 2 4 5 6 |  6.9
Spellcasting   | 3 4 6 9 10 11 12 | 12.2
Summonings     | 8 9 10 12 13 14 | 14.3
Fighting       | 1 2 |  2.3
Air Magic      | 1 |  1.5
Ice Magic      | 4 |  4.3

Action                   |  1- 3 |  4- 6 |  7- 9 || total
-------------------------+-------+-------+-------++-------
Melee: Unarmed           |    18 |    33 |    54 ||   105
       Bite              |     2 |     2 |     8 ||    12
 Cast: Summon Small Mamm |     4 |    11 |     3 ||    18
       Call Imp          |       |    41 |    39 ||    80
       Summon Ice Beast  |       |       |    54 ||    54
       Summon Lightning  |       |       |     5 ||     5
       Summon Guardian G |       |       |     1 ||     1
  Use: Potion            |       |       |    11 ||    11
       Scroll            |       |       |     1 ||     1
 Stab: Sleeping          |       |     3 |     7 ||    10
       Distracted        |       |       |     2 ||     2
  Eat: Meat ration       |       |       |     1 ||     1
Armor: Skin              |       |       |     5 ||     5
Dodge: Dodged            |       |    24 |   122 ||   146
